 Dungeon Crawl Stone Soup version 0.31-a0-152-g6aa68a64a1 (webtiles) character file.

Game seed: 8476003777995842376

55 qw the Shooter (level 3, -1/32 HPs)
             Began as a Naga Hunter on June 10, 2023.
             Slain by a gnoll
             ... wielding a +0 club
              (6 damage)
             ... on level 2 of the Dungeon.
             The game lasted 00:00:27 (839 turns).

qw the Shooter (Naga Hunter)                         Turns: 839, Time: 00:00:27

Health: -1/32      AC:  2    Str: 13    XL:     3   Next: 93%
Magic:  3/3        EV: 10    Int:  9    God:
Gold:   81         SH:  0    Dex: 22    Spells: 2/2 levels left

rFire   . . .        Y - +0 shortbow (chaos)
rCold   . . .        (shield currently unavailable)
rNeg    . . .        c - +0 leather armour
rPois   +            (no helmet)
rElec   .            (no cloak)
rCorr   .            (no gloves)
SInv    +            (no barding)
Will    .....        (no amulet)
Stlth   ++           i - +6 ring of dexterity
HPRegen 0.25/turn    (no ring)
MPRegen 0.08/turn

%: no passive effects
@: about to teleport, short of breath, very slow
A: AC +1, large, see invisible, deformed body, poison resistance, slowness 2,
spit poison 1, naga tail 1
a: Spit Poison


You were on level 2 of the Dungeon.
You visited 1 branch of the dungeon, and saw 2 of its levels.

You collected 81 gold pieces.


Innate Abilities, Weirdness & Mutations

Your serpentine skin is tough. (AC +1)
You have supernaturally acute eyesight. (SInv)
Armour fits poorly on your strangely shaped body.
Your system is resistant to poisons. (rPois)
You cover ground very slowly.
You can spit poison.
You have a snake-like lower body.


   Skills:
 - Level 2.0 Fighting
 + Level 4.9 Ranged Weapons
 - Level 1.5 Dodging
 - Level 1.5 Stealth


You had 2 spell levels left.
You didn't know any spells.
Your spell library was empty.

Inventory:

Hand Weapons
 Y - a +0 shortbow of chaos (weapon)
Armour
 c - a +0 leather armour (worn)
Jewellery
 i - a +6 ring of dexterity (left hand)
Potions
 d - 2 potions of curing
 f - a potion of mutation {unknown}

Dungeon Overview and Level Annotations

Branches:
Dungeon (2/15)

Altars:


Message History

A gnoll comes into view. It is wielding a +0 whip.
You shoot an arrow. The arrow hits the gnoll.
The gnoll resists with some effort.
The gnoll is lightly wounded.
829 ||| INVOKING Spit Poison.
Aiming: Spit Poison (2% risk of failure)
Press: ? - help, Shift-Dir - straight line, f/p - gnoll The splash of poison hits the gnoll but does no damage.
The gnoll is lightly wounded.
You shoot an arrow. The arrow closely misses the gnoll.
You shoot an arrow.
The arrow hits the gnoll but does no damage.
The gnoll is lightly wounded.
A gnoll comes into view. It is wielding a +0 club.
You shoot an arrow. The arrow closely misses the gnoll.
The gnoll shouts!
You shoot an arrow. The arrow hits the gnoll.
The gnoll is moderately wounded.
The gnoll closely misses you.
You shoot an arrow. The arrow barely misses the gnoll.
You have got your breath back.
The gnoll barely misses you. The gnoll completely misses you.
835 ||| INVOKING Spit Poison.
Aiming: Spit Poison (2% risk of failure)
Press: ? - help, Shift-Dir - straight line, f/p - gnoll The splash of poison hits the gnoll.
The gnoll is poisoned.
The gnoll is severely wounded.
The gnoll hits you with a +0 whip!
You shoot an arrow. The arrow completely misses the gnoll.
The gnoll hits you with a +0 whip.
You shoot an arrow. The arrow barely misses the gnoll.
The gnoll hits you but does no damage. The gnoll hits you with a +0 whip.
You shoot an arrow. The arrow completely misses the gnoll.
The gnoll barely misses you. The gnoll hits you with a +0 whip!
839 ||| READING scroll of teleportation.
As you read the scroll of teleportation, it crumbles to dust.
You feel strangely unstable.
You kill the gnoll!
The gnoll hits you with a +0 club.
You die...

#...#...###.#.# ##
#........##.#.# #.
#.......###.#.# #.
##..........#.# #
#.###.######.# #.. #.#
#.######## .. ##'##
#........# ##.g)##
########.##. #..)@.#
######.##. ¤.¤¤......#
#......###
¤¤¤¤¤......(####...######
..+¤..¤.....+............
# #.........####...######
##.......## #..##
##.....## #.## ##...##
#.# #.#


You could see a gnoll.

Vanquished Creatures
  2 gnolls (D:2)
  A worm (D:2)
  2 dart slugs
  2 ball pythons (D:1)
  A bat skeleton (D:2)
  3 endoplasms
  A giant cockroach (D:1)
  2 goblins (D:1)
  3 hobgoblins (D:1)
  3 kobolds (D:1)
  4 quokkas
  6 bats
  3 frilled lizards (D:1)
  3 rats
36 creatures vanquished.

Notes
Turn   | Place    | Note
-------+----------+-------------------------------------------
     0 | D:1      | qw the Naga Hunter began the quest for the Orb.
     0 | D:1      | Reached XP level 1. HP: 19/19 MP: 1/1
     0 | D:1      | 0 ||| qw: Version: 0.2-a-122-gbc61b45
     0 | D:1      | 0 ||| qw: Game counter: 3488
     0 | D:1      | 0 ||| qw: Always use a shield: true
     0 | D:1      | 0 ||| qw: God list: Okawaru
     0 | D:1      | 0 ||| qw: Allow faded altars: false
     0 | D:1      | 0 ||| qw: Do Orc after D:15 true
     0 | D:1      | 0 ||| qw: Do second Lair branch before Depths: true
     0 | D:1      | 0 ||| qw: Lair rune preference: random
     0 | D:1      | 0 ||| qw: Plans: Normal
     0 | D:1      | 0 ||| PLANNING D:1-11
    12 | D:1      | 12 ||| INVOKING Spit Poison.
    16 | D:1      | 16 ||| INVOKING Spit Poison.
    29 | D:1      | 29 ||| INVOKING Spit Poison.
    36 | D:1      | 36 ||| INVOKING Spit Poison.
    42 | D:1      | 42 ||| INVOKING Spit Poison.
    94 | D:1      | 94 ||| INVOKING Spit Poison.
    98 | D:1      | Reached skill level 4 in Ranged Weapons
    98 | D:1      | Reached XP level 2. HP: 26/26 MP: 2/2
   113 | D:1      | 113 ||| INVOKING Spit Poison.
   138 | D:1      | 138 ||| INVOKING Spit Poison.
   151 | D:1      | 151 ||| INVOKING Spit Poison.
   155 | D:1      | 155 ||| INVOKING Spit Poison.
   158 | D:1      | 158 ||| INVOKING Spit Poison.
   183 | D:1      | 183 ||| INVOKING Spit Poison.
   242 | D:1      | 242 ||| FLEEEEING.
   243 | D:1      | 243 ||| FLEEEEING.
   244 | D:1      | 244 ||| FLEEEEING.
   245 | D:1      | 245 ||| FLEEEEING.
   247 | D:1      | 247 ||| FLEEEEING.
   248 | D:1      | 248 ||| FLEEEEING.
   249 | D:1      | 249 ||| FLEEEEING.
   250 | D:1      | 250 ||| FLEEEEING.
   251 | D:1      | 251 ||| FLEEEEING.
   252 | D:1      | 252 ||| FLEEEEING.
   269 | D:1      | 269 ||| INVOKING Spit Poison.
   338 | D:1      | 338 ||| INVOKING Spit Poison.
   344 | D:1      | 344 ||| INVOKING Spit Poison.
   347 | D:1      | Reached XP level 3. HP: 32/32 MP: 3/3
   360 | D:1      | 360 ||| INVOKING Spit Poison.
   390 | D:1      | 390 ||| INVOKING Spit Poison.
   504 | D:1      | 504 ||| INVOKING Spit Poison.
   526 | D:1      | 526 ||| UPGRADING to +6 ring of dexterity.
   527 | D:1      | 527 ||| READING scroll labelled COIMMA XI COF.
   532 | D:1      | 532 ||| READING scroll labelled VEUGOU BYSIRY.
   533 | D:1      | 533 ||| READING scroll labelled SUTICVUYTU.
   534 | D:1      | 534 ||| DRINKING 3 fuming blue potions.
   535 | D:1      | 535 ||| DROPPING scroll of butterflies.
   578 | D:2      | 578 ||| FLEEEEING.
   579 | D:2      | 579 ||| FLEEEEING.
   580 | D:2      | 580 ||| FLEEEEING.
   588 | D:2      | 588 ||| INVOKING Spit Poison.
   628 | D:2      | 628 ||| INVOKING Spit Poison.
   697 | D:2      | 697 ||| INVOKING Spit Poison.
   752 | D:2      | 752 ||| INVOKING Spit Poison.
   810 | D:2      | 810 ||| INVOKING Spit Poison.
   829 | D:2      | 829 ||| INVOKING Spit Poison.
   835 | D:2      | 835 ||| INVOKING Spit Poison.
   838 | D:2      | HP: 5/32 [gnoll/+0 whip (7)]
   839 | D:2      | 839 ||| READING scroll of teleportation.
   839 | D:2      | Slain by a gnoll

Levels and vault maps discovered:
D:1:      dpeg_arrival_tiny_k, layout_rooms
D:2:      layout_loops_corners, serial_undead, serial_undead_b, serial_undead_e,
          serial_undead_a, serial_undead_b, chequers_jeans

Skill      XL: |  1 |
---------------+----+-----
Ranged Weapons | 4 |  4.9
Fighting       | |  2.0
Dodging        | |  1.5
Stealth        | |  1.5

Action                     || total
---------------------------++-------
   Fire: Shortbow          ||    73
Ability: Spit Poison       ||    25
    Use: Scroll            ||     4
         Potion            ||     1
 Armour: Leather armour    ||     4
  Dodge: Dodged            ||    10

Table legend:
 A = Non-vault XP
 B = Vault XP
 C = Vault XP percentage of total XP
 D = Non-vault monster count
 E = Vault monster count
 F = Vault count percentage of total count
                 A         B        C        D         E       F
            +---------+---------+-------+---------+---------+-------
      Total |      91 |       2 |   2.2 |      35 |       1 |   2.8
            +---------+---------+-------+---------+---------+-------
        D:1 |      47 |       0 |   0.0 |      27 |       0 |   0.0
        D:2 |      44 |       2 |   4.3 |       8 |       1 |  11.1
            +---------+---------+-------+---------+---------+-------
